 Dungeon Crawl Stone Soup version 0.27-a0-1200-g94dc6ad4cf (webtiles) character file.

Game seed: 2142086224749258820

7125 ccder the Geomancer (level 11, 0/63 HPs)
             Began as a Gargoyle Earth Elementalist on June 1, 2021.
             Was a Believer of Vehumet.
             Slain by a centaur warrior
             ... wielding a +2 hand axe of freezing
              (6 damage)
             ... on level 9 of the Dungeon.
             The game lasted 00:21:04 (10768 turns).

ccder the Geomancer (Gargoyle Earth Elementalist)  Turns: 10768, Time: 00:21:06

Health: 0/63       AC: 17    Str: 12    XL:     11   Next: 10%
Magic:  18/30      EV: 13    Int: 19    God:    Vehumet [**....]
Gold:   1258       SH:  4    Dex: 10    Spells: 14/23 levels left

rFire    . . .     SeeInvis .   f - +2 dagger (venom)
rCold    . . .     Faith    .   n - +0 buckler of the Goldsmith {rPois Slay+6 Stlth-}
rNeg     + . .     Spirit   .   c - +0 robe
rPois    ∞         Reflect  .   (no helmet)
rElec    +         Harm     .   (no cloak)
rCorr    .         Rampage  .   (no gloves)
Will     .....                  A - +0 pair of boots {Stlth+}
Stlth    ++........             y - amulet of magic regeneration
HPRegen  0.20/turn              w - ring of magical power
MPRegen  0.47/turn              r - +4 ring of protection

@: no status effects
A: sickness immunity, AC +8, negative energy resistance 1, electricity
resistance, torment resistance 1, petrification resistance, talons 1, iridescent
scales 1, mutation resistance 1
a: Renounce Religion


You were on level 9 of the Dungeon.
You worshipped Vehumet.
Vehumet was pleased with you.
You visited 2 branches of the dungeon, and saw 10 of its levels.
You also visited: Ossuary and Bailey.

You collected 1494 gold pieces.
You spent 236 gold pieces at shops.

Inventory:

Hand Weapons
 f - a +2 dagger of venom (weapon)
 k - a +0 flail
Missiles
 b - 238 stones
 j - a throwing net
Armour
 c - a +0 robe (worn)
 n - the +0 buckler of the Goldsmith (worn) {rPois Slay+6 Stlth-}
   (You acquired it on level 4 of the Dungeon)

   It affects your accuracy and damage with ranged weapons and melee attacks
   (+6).
   It protects you from poison.
   It makes you less stealthy.
 A - a +0 pair of boots of stealth (worn)
Jewellery
 p - a +6 ring of strength
 r - a +4 ring of protection (right hand)
 w - a ring of magical power (left hand)
 y - an amulet of magic regeneration (around neck)
 B - a ring of see invisible
Wands
 m - a wand of digging (3)
 s - a wand of charming (9)
Scrolls
 h - a scroll of teleportation
 l - 4 scrolls of enchant weapon
Potions
 a - a potion of haste
 d - 2 potions of curing
 g - 2 potions of mutation
 i - a potion of resistance
 o - 3 potions of brilliance
 q - 5 potions of flight
 t - 3 potions of cancellation
 u - a potion of lignification
 v - a potion of might
 x - a potion of magic
 z - a potion of attraction
Miscellaneous
 C - a phantom mirror


   Skills:
 + Level 5.1 Fighting
 + Level 4.6 Maces & Flails
 + Level 5.1 Armour
 + Level 4.2 Dodging
 - Level 2.1 Stealth
 - Level 4.0 Shields
 + Level 6.8 Spellcasting
 + Level 7.3 Conjurations
 - Level 0.7 Transmutations
 + Level 9.3 Earth Magic
 + Level 4.2 Evocations


You had 14 spell levels left.
You knew the following spells:

 Your Spells              Type           Power      Damage    Failure   Level
a - Sandblast             Erth           84%        2d18      1%          1
b - Stone Arrow           Conj/Erth      76%        3d11      1%          3
c - Lee's Rapid Deconstr  Erth           21%        3d13*     6%          5

Your spell library contained the following spells:

 Spells                   Type           Power      Damage    Failure   Level
 Static Discharge         Conj/Air       20%        N/A       3%          2
 Magic Dart               Conj           100%       1d8       1%          1
 Passwall                 Tmut/Erth      20%        N/A       1%          2
 Searing Ray              Conj           68%        3d5       1%          2
 Conjure Flame            Conj/Fire      20%        6-21      7%          3
 Dazzling Flash           Conj/Hex       40%        N/A       7%          3
 Animate Skeleton         Necr           12%        N/A       11%         1
 Apportation              Tloc           12%        N/A       11%         1
 Corona                   Hex            6%         N/A       11%         1
 Summon Small Mammal      Summ           24%        N/A       11%         1
 Mephitic Cloud           Conj/Pois/Air  15%        N/A       12%         3
 Petrify                  Tmut/Erth      25%        N/A       13%         4
 Blink                    Tloc           N/A        N/A       16%         2
 Call Imp                 Summ           6%         N/A       16%         2
 Ensorcelled Hibernation  Hex/Ice        12%        N/A       16%         2
 Slow                     Hex            6%         N/A       16%         2
 Animate Armour           Summ/Erth      48%        N/A       16%         4
 Leda's Liquefaction      Hex/Erth       12%        N/A       16%         4
 Fulminant Prism          Conj/Hex       10%        3d9       22%         4
 Iskenderun's Mystic Bla  Conj/Tloc      20%        2d6       22%         4
 Ignite Poison            Fire/Tmut/Pois 7%         N/A       28%         3
 Bolt of Magma            Conj/Fire/Erth 13%        4d8       28%         5
 Confusing Touch          Hex            6%         N/A       30%         3
 Lesser Beckoning         Tloc           3%         N/A       30%         3
 Tukima's Dance           Hex            6%         N/A       30%         3
 Iron Shot                Conj/Erth      19%        9d4       45%         6
 Fireball                 Conj/Fire      10%        3d6       54%         5
 Alistair's Intoxication  Tmut/Pois      4%         N/A       94%         5
 Starburst                Conj/Fire      10%        8x6d5     98%         6
 Invisibility             Hex            6%         N/A       100%        6
 Ignition                 Fire           3%         3d4       100%        8
 Shatter                  Erth           21%        3d19*     100%        9
 Statue Form              Tmut/Erth      Unusable   N/A       N/A         6

Dungeon Overview and Level Annotations

Branches:
Dungeon (9/15)             Temple (1/1) D:7            Lair (0/6) D:9
Ossuary (visited)          Bailey (visited)
    Orc: D:9-12

Altars:
Ashenzari
Cheibriados
Fedhas
Kikubaaqudgha
Okawaru
Ru
Trog
Uskayaw
Vehumet
Xom
Zin
The Shining One

Shops:
D:1 *   D:2 (

Annotations:
D:9 Prince Ribbit


Innate Abilities, Weirdness & Mutations

You are immune to sickness and miasma.
Your stone body is resilient. (AC +8)
You are immune to poison.
You resist negative energy. (rN+)
You are resistant to electric shocks. (rElec)
You are resistant to unholy torment.
You are immune to petrification.
You have sharp toenails.
You are partially covered in iridescent scales. (AC +2)
You are somewhat resistant to further mutation.


Message History

The centaur warrior hits you but does no damage.
The centaur warrior kicks you but does no damage.
Casting: Stone Arrow (safe; 1% risk of failure)
Confirm with . or Enter, or press ? or * to list all spells.
Aiming: Stone Arrow (safe; 1% risk of failure)
Press: ? - help, Shift-Dir - straight line, f/p - centaur warrior
Aim: a centaur warrior, wielding a +2 hand axe of freezing, wearing an amulet of guardian spirit and quivering arrows (heavily wounded, very poisoned, 81% to hit)
The stone arrow misses the centaur warrior.
The centaur warrior hits you with a +2 hand axe of freezing.
* * * LOW HITPOINT WARNING * * *
The centaur warrior freezes you.
* * * LOW HITPOINT WARNING * * *
The centaur warrior closely misses you.
Unknown command.
Unknown command.
Casting: Stone Arrow (safe; 1% risk of failure)
Confirm with . or Enter, or press ? or * to list all spells.
Aiming: Stone Arrow (safe; 1% risk of failure)
Press: ? - help, Shift-Dir - straight line, f/p - centaur warrior
Aim: a centaur warrior, wielding a +2 hand axe of freezing, wearing an amulet of guardian spirit and quivering arrows (heavily wounded, very poisoned, 81% to hit)
The stone arrow hits the centaur warrior!
The centaur warrior is almost dead.
You block the centaur warrior's attack. The centaur warrior closely misses you.
The centaur warrior hits you with a +2 hand axe of freezing.
* * * LOW HITPOINT WARNING * * *
The centaur warrior freezes you.
* * * LOW HITPOINT WARNING * * *
The centaur warrior kicks you but does no damage.
You feel better.
The centaur warrior hits you but does no damage.
The centaur warrior kicks you but does no damage.
You block the hound's attack.
You feel better.
The centaur warrior hits you with a +2 hand axe of freezing.
* * * LOW HITPOINT WARNING * * *
The centaur warrior freezes you.
* * * LOW HITPOINT WARNING * * *
The centaur warrior barely misses you. The hound barely misses you.
The centaur warrior hits you with a +2 hand axe of freezing.
You die...

,,,,,,.....* #.......#
.....,.....* ###.......#
.....,.....####.....###.#######
.....,..........#.###.........#
...>.,....).....#.# #.........#
...?.,............###.Y.......#
.Y...*...........##.†.........#*
.Y...,..........###÷#..........*
Y....,........}†@c..#........#.*
.....,...........h...........#,*
.....,.........######..#######,*
.....,)........# #####..# *,*
.....,.........###....#.# *,**
.....,.$........#.......#####*,,,
..F..,.......................,*,,
.....,,,..................###,,,>
,,,≈,≈,,,,≈,,................,,,,


You could see a centaur warrior (very poisoned) and a hound.

Vanquished Creatures
  An orc knight (Bailey)
  A manticore (D:6)
  Psyche (D:9)
  A troll (D:9)
  Sigmund (D:6)
  A wyvern (D:8)
  9 yaks
  2 steam dragons (D:9)
  6 orc warriors
  A water moccasin (D:7)
  A black bear (D:5)
  An ice beast (D:8)
  A sky beast (D:5)
  2 ogres
  3 wolves
  A centaur (D:7)
  A phantom (D:5)
  A kobold brigand (D:4)
  2 bullfrogs
  3 scorpions
  A gnoll sergeant (D:6)
  2 jellies
  3 killer bees (D:8)
  5 wights (D:8)
  4 howler monkeys
  4 centaur zombies
  4 hounds
  6 orc priests
  A centaur skeleton (D:7)
  2 human zombies (Ossuary)
  2 iguanas
  6 orc wizards
  A scorpion zombie (D:5)
  3 hound skeletons
  6 mummies (Ossuary)
  5 adders
  9 gnolls
  A white imp (D:6)
  An adder zombie (D:5)
  An adder skeleton (D:5)
  5 worms
  2 dart slugs
  27 orcs
  7 bats
  5 endoplasms
  2 giant cockroaches
  13 goblins
  9 hobgoblins
  8 jackals
  2 quokkas (D:1)
  5 ball pythons
  4 frilled lizards
  A goblin zombie (Ossuary)
  2 hobgoblin zombies (Ossuary)
  18 kobolds
  A kobold zombie (Ossuary)
  5 rats
223 creatures vanquished.

Vanquished Creatures (collateral kills)
  An adder (D:6)
  An orc (D:6)
2 creatures vanquished.

Grand Total: 225 creatures vanquished

Notes
Turn   | Place    | Note
-------+----------+-------------------------------------------
     0 | D:1      | ccder the Gargoyle Earth Elementalist began the quest for
                  | the Orb.
     0 | D:1      | Reached XP level 1. HP: 10/10 MP: 3/3
   444 | D:1      | Reached skill level 4 in Earth Magic
   444 | D:1      | Reached XP level 2. HP: 8/15 MP: 3/5
   631 | D:1      | Found Mynung's General Store.
   639 | D:1      | Bought a potion of heal wounds for 55 gold pieces
   911 | D:1      | Reached XP level 3. HP: 19/19 MP: 6/6
   915 | D:1      | Learned a level 3 spell: Stone Arrow
   921 | D:1      | Found a faded altar of an unknown god.
  1343 | D:2      | Found a bloodstained altar of Trog.
  1506 | D:2      | Found Qidwi's Weapon Emporium.
  1545 | D:2      | Reached skill level 1 in Conjurations
  1870 | D:2      | You fall into a shaft and drop 1 floor!
  1877 | D:3      | Reached XP level 4. HP: 19/24 MP: 8/8
  3970 | D:4      | Gained mutation: You have sharp toenails. [potion of
                  | mutation]
  3970 | D:4      | Gained mutation: You are partially covered in iridescent
                  | scales. (AC +2) [potion of mutation]
  3970 | D:4      | Gained mutation: You are somewhat resistant to further
                  | mutation. [potion of mutation]
  3988 | D:4      | Reached skill level 5 in Earth Magic
  3991 | D:4      | Reached XP level 5. HP: 22/28 MP: 9/9
  4202 | D:4      | Learned a level 5 spell: Lee's Rapid Deconstruction
  4264 | D:4      | Noticed a kobold brigand
  4278 | D:4      | Reached XP level 6. HP: 25/32 MP: 11/11
  4314 | D:4      | Reached skill level 6 in Earth Magic
  4511 | D:4      | Identified 3 scrolls of acquirement
  4511 | D:4      | Acquired the +0 buckler of the Goldsmith {rPois Slay+6
                  | Stlth-}
  4680 | D:4      | Acquired a book of the Earth
  4682 | D:4      | Acquired 780 gold pieces
  4807 | D:1      | Bought a potion of curing for 33 gold pieces
  4807 | D:1      | Bought a scroll of identify for 22 gold pieces
  4807 | D:1      | Bought a potion of might for 44 gold pieces
  4807 | D:1      | Bought a scroll of enchant weapon for 82 gold pieces
  5093 | D:4      | Reached skill level 1 in Shields
  5093 | D:4      | Reached XP level 7. HP: 36/36 MP: 10/13
  5207 | D:5      | Entered Level 5 of the Dungeon
  5577 | D:5      | Found a sand-covered staircase.
  5583 | Ossuary  | Entered an ossuary
  5967 | Ossuary  | Reached XP level 8. HP: 40/41 MP: 14/14
  5998 | D:5      | Found an iron altar of Okawaru.
  6162 | D:5      | Found a broken altar of Ashenzari.
  6267 | D:5      | Reached skill level 5 in Spellcasting
  6267 | D:5      | Reached skill level 5 in Conjurations
  6267 | D:5      | Reached skill level 7 in Earth Magic
  6958 | D:6      | Noticed Sigmund
  7006 | D:5      | Reached skill level 1 in Fighting
  7006 | D:5      | Reached skill level 1 in Maces & Flails
  7006 | D:5      | Reached skill level 1 in Armour
  7162 | D:5      | Reached skill level 1 in Evocations
  7381 | D:6      | Killed Sigmund
  7490 | D:6      | Found a sacrificial altar of Ru.
  7490 | D:6      | Noticed a manticore
  7506 | D:5      | Reached XP level 9. HP: 25/48 MP: 15/17
  7687 | D:6      | Found a radiant altar of Vehumet.
  7704 | D:6      | Killed a manticore
  7791 | D:6      | Found a shimmering altar of Xom.
  7797 | D:6      | Became a worshipper of Vehumet
  7823 | D:6      | Reached skill level 8 in Earth Magic
  7999 | D:7      | Found a snail-covered altar of Cheibriados.
  8385 | D:7      | Found a staircase to the Ecumenical Temple.
  8400 | Temple   | Entered the Ecumenical Temple
  8748 | D:7      | Found a hide-covered altar of Uskayaw.
  8823 | D:8      | Found a glowing golden altar of the Shining One.
  9251 | D:8      | Identified the +1 ring mail "Keureurch" {Rampage Drain
                  | Int+4 SInv}
  9402 | D:8      | Reached XP level 10. HP: 56/56 MP: 19/19
  9411 | D:8      | Reached * piety under Vehumet
  9411 | D:8      | Offered knowledge of Freeze by Vehumet.
  9748 | D:9      | Noticed Prince Ribbit
  9842 | D:9      | Found a flagged portal.
  9854 | Bailey   | Entered a bailey
  9965 | Bailey   | Noticed an orc knight
 10103 | Bailey   | Offered knowledge of Static Discharge by Vehumet.
 10107 | Bailey   | Reached ** piety under Vehumet
 10151 | Bailey   | Killed an orc knight
 10152 | Bailey   | Reached skill level 9 in Earth Magic
 10543 | D:9      | Found an ancient bone altar of Kikubaaqudgha.
 10560 | D:9      | Reached XP level 11. HP: 36/62 MP: 5/21
 10565 | D:9      | Reached skill level 5 in Fighting
 10565 | D:9      | Reached skill level 5 in Armour
 10743 | D:9      | Noticed Psyche
 10746 | D:9      | Killed Psyche
 10748 | D:9      | Noticed a centaur warrior
 10759 | D:9      | HP: 3/63 [centaur warrior/+2 hand axe of freezing (6)]
 10759 | D:9      | HP: 1/63 [centaur warrior/+2 hand axe of freezing (2)]
 10766 | D:9      | HP: 2/63 [centaur warrior/+2 hand axe of freezing (6)]
 10768 | D:9      | Slain by a centaur warrior

Illustrated notes

Levels and vault maps discovered:
D:1:      dpeg_arrival_subterranean_lakeside_camping, layout_basic,
          ebering_ecumenical_altar_sacrificial, serial_shops,
          nicolae_shop_statue_plus
D:2:      layout_loops_corners, serial_aquarium, aquarium_bridge_square
          [aquarium_subvault_bridge, aquarium_subvault_bridge,
          aquarium_subvault_bridge, aquarium_subvault_wall],
          aquarium_bridge_long_joined [aquarium_subvault_bridge,
          aquarium_subvault_wall, aquarium_subvault_bridge,
          aquarium_subvault_bridge, aquarium_subvault_bridge,
          aquarium_subvault_window], aquarium_window_1, aquarium_window_fake,
          aquarium_view_2e, aquarium_balcony_1b, serial_shops,
          nicolae_shop_window_shopping, basic_altar
D:3:      layout_basic
D:4:      layout_basic
D:5:      minmay_recursive_quarters, layout_loops_ring,
          okawaru_metal_pillars_1_2, general_overflow_altar,
          nicolae_ossuary_entry_plus
D:6:      layout_gridville, grunt_temple_overflow_open, uniq_sigmund
D:7:      layout_loops_ring, lemuel_coloured_pillars_altar, cheibriados_altar_1,
          minmay_temple_entry_offerings
D:8:      layout_loops_cross, lemuel_round_altar
D:9:      layout_rooms, kennysheep_mini_moat, erik_lair_island, enter_bailey_1,
          uniq_psyche, uniq_prince_ribbit1
Temple:   nicolae_temple_hex_pool

Skill      XL: |  1  2  3  4  5  6  7  8  9 10 11 |
---------------+----------------------------------+-----
Earth Magic    | 4 5 6 7 8 9 |  9.3
Conjurations   | 1 2 3 4 5 6 7 |  7.3
Spellcasting   | 3 4 5 6 |  6.8
Shields        | 1 4 |  4.0
Fighting       | 1 3 4 5 |  5.1
Maces & Flails | 1 3 4 |  4.6
Armour         | 1 3 4 5 |  5.1
Dodging        | 2 3 4 |  4.2
Evocations     | 1 2 4 |  4.2
Stealth        | |  2.1
Transmutations | |  0.7

Action                   |  1- 3 |  4- 6 |  7- 9 | 10-12 || total
-------------------------+-------+-------+-------+-------++-------
Melee: Unarmed           |    11 |       |       |       ||    11
       Short sword       |    15 |       |       |       ||    15
       Dagger            |    68 |   172 |   218 |    49 ||   507
       Kick              |       |    18 |    66 |     7 ||    91
 Cast: Sandblast         |     6 |    19 |    11 |    41 ||    77
       Stone Arrow       |       |       |    16 |    30 ||    46
       Lee's Rapid Decon |       |       |     6 |    12 ||    18
Evoke: Wand              |       |       |     2 |     4 ||     6
  Use: Scroll            |       |    10 |     6 |     4 ||    20
       Potion            |       |     1 |     1 |    13 ||    15
 Stab: Sleeping          |     8 |     3 |       |       ||    11
Armor: Robe              |    31 |    54 |   100 |    83 ||   268
Dodge: Dodged            |    49 |    93 |   120 |   101 ||   363
Block: Buckler           |       |     3 |    46 |    44 ||    93

Table legend: (Time is in decaauts)
 A = Elapsed time spent in this place.
 B = Non-inter-level travel time spent in this place.
 C = Inter-level travel time spent in this place.
 D = Time resting spent in this place.
 E = Time spent auto-exploring this place.
 F = Levels seen in this place.
 G = Mean time per level.
                   A        B        C        D        E       F      G
               +--------+--------+--------+--------+--------+-----+--------+
         Total |  10781 |  10232 |    549 |    904 |   7500 |  12 |  898.4 |
       Dungeon |   9744 |   9195 |    549 |    637 |   7167 |   9 | 1082.7 |
        Temple |      1 |      1 |      0 |      0 |      0 |   1 |    1.0 |
       Ossuary |    403 |    403 |      0 |    129 |     65 |   1 |  403.0 |
        Bailey |    631 |    631 |      0 |    138 |    268 |   1 |  631.0 |
               +--------+--------+--------+--------+--------+-----+--------+

Top non-repeatable levels by time:
     D:5: 1940 daAuts
     D:3: 1784 daAuts
     D:1: 1256 daAuts
     D:4: 1104 daAuts
     D:2: 1067 daAuts
     D:8: 997 daAuts
     D:7: 800 daAuts
  Bailey: 631 daAuts
     D:6: 453 daAuts
 Ossuary: 403 daAuts
     D:9: 340 daAuts
  Temple: 1 daAuts
